 Dungeon Sprint DCSS version 0.17-a0-1718-g72dbe4d (webtiles) character file.

62599 Kidiri the Imperceptible (level 14, -9/59 HPs)
             Began as a Spriggan Enchanter on Aug 26, 2015.
             Was the Champion of Dithmenos.
             Mangled by a cyan ugly thing (16 damage)
             ... in the Dungeon (Sprint III: "The Ten Rune Challenge").
             The game lasted 00:29:37 (5502 turns).

Kidiri the Imperceptible (Spriggan Enchanter)       Turns: 5502, Time: 00:29:37

Health: -9/59      AC:  9    Str:  7    XL:     14   Next: 16%
Magic:  15/37      EV: 37    Int: 19    God:    Dithmenos [******]
Gold:   3019       SH:  0    Dex: 19    Spells: 13 memorised, 5 levels left

rFire  . . .     SeeInvis +     w - +4 short sword "Vitab" {distort, Str+3}
rCold  . . .     Clarity  .     b - +1 robe
rNeg   . . .     SustAt   .     (shield restricted)
rPois  +         Gourm    .     d - +1 hat
rElec  .         Spirit   .     x - +2 cloak {rPois}
rCorr  .         Warding  .     (gloves unavailable)
rMut   .         NoTele   +     (boots unavailable)
MR     ++...                    u - amulet of regeneration
Stlth  ++++++++++               (no ring)
                                (no ring)

@: wreathed by umbra, very quick, very resistant to hostile enchantments,
uncannily stealthy
A: unfitting armour, antennae 1, fangs 1, yellow scales 1, see invisible,
herbivore 3, speed 3, slow metabolism 2, no device heal 1
a: Shadow Step, Shadow Form, Renounce Religion
}: 1/10 runes: serpentine


You were in the Dungeon.
You worshipped Dithmenos.
Dithmenos was exalted by your worship.
You were not hungry.

You visited 1 branch You collected 3222 gold pieces.
You spent 203 gold pieces at shops.

Inventory:

Hand weapons
 w - the +4 short sword "Vitab" (weapon) {distort, Str+3}
   (You found it in the Dungeon)

   It warps and distorts space around it.
   Unwielding it can cause banishment or high damage.
   It affects your strength (+3).
Armour
 b - a +1 robe (worn)
 d - a +1 hat (worn)
 x - a +2 cloak of poison resistance (worn)
Jewellery
 u - an amulet of regeneration (around neck)
Magical devices
 m - a wand of slowing (21)
Scrolls
 j - a scroll of blinking
 l - a scroll of holy word
 n - a scroll of remove curse {unknown}
 r - a scroll of immolation {unknown}
 s - a scroll of fog {unknown}
Potions
 c - a potion of might
 e - a potion of curing
 f - 2 potions of heal wounds
 g - 2 potions of haste
 h - 2 potions of magic
 i - 2 potions of berserk rage
 p - 4 potions of cure mutation
 t - a potion of flight
Comestibles
 k - 11 fruits
 o - 27 royal jellies


   Skills:
 + Level 13.0 Short Blades
 * Level 21.4 Dodging
 * Level 23.3 Stealth
 * Level 18.5 Spellcasting
 + Level 9.1 Conjurations
 + Level 14.2 Hexes
 + Level 5.6 Charms
 + Level 5.7 Translocations
 + Level 3.0 Transmutations
 + Level 10.0 Ice Magic
 + Level 10.3 Air Magic
 + Level 2.0 Earth Magic
 + Level 11.0 Poison Magic
 - Level 2.2 Invocations


You had 5 spell levels left.
You knew the following spells:

 Your Spells              Type           Power        Failure   Level  Hunger
a - Corona                Hex            ######.      0%          1    None
b - Ensorcelled Hibernat  Hex/Ice        ######       1%          2    None
c - Confuse               Hex            ######..     1%          3    None
d - Tukima's Dance        Hex            ######..     1%          3    None
e - Dazzling Spray        Conj/Hex       ######..     1%          3    None
f - Mephitic Cloud        Conj/Pois/Air  ######..     1%          3    None
g - Freezing Cloud        Conj/Ice/Air   ######....   12%         6    ####...
h - Poisonous Cloud       Conj/Pois/Air  ######....   10%         6    ####...
i - Ozocubu's Armour      Chrm/Ice       #####...     1%          3    None
j - Shroud of Golubria    Chrm/Tloc      #####.....   1%          2    None
k - Condensation Shield   Ice            ######....   1%          4    None
l - Irradiate             Conj/Trmt      #####.....   10%         5    ##.....
m - Petrify               Trmt/Erth      ####....     12%         4    None


Dungeon Overview and Level Annotations

Branches:
Dungeon (1/1)

Altars:
Cheibriados
Dithmenos
Elyvilon
Fedhas
Gozag
Kikubaaqudgha
Makhleb
Nemelex Xobeh
Okawaru
Qazlal
Ru
Sif Muna
Trog
Vehumet
Xom
Yredelemnul
Zin
The Shining One
Jiyva
Lugonu

Shops:
D ![}[(=%(=[(%??*!:}?

Annotations:
D Lernaean hydra


Innate Abilities, Weirdness & Mutations

You are tiny and cannot use many weapons and most armour.
You have supernaturally acute eyesight.
You are a herbivore.
You cover ground extremely quickly.
You need consume almost no food.
You have a pair of small antennae on your head.
You have very sharp teeth.
You are partially covered in yellow scales (AC +2).
Potions and wands are less effective at restoring your health.


Message History

The slime creature jiggles.
The slime creature completely misses you.
Drink which item? (? for menu, Esc to quit)
You feel much better. The cyan ugly thing misses you.
The slime creature hits you!!
* * * LOW HITPOINT WARNING * * *
You emit a cloud of dark smoke.
Casting: Dazzling Spray
Confirm with . or Enter, or press ? or * to list all spells.
Aiming: Dazzling Spray
Press: ? - help, Shift-Dir - straight line, f - cyan ugly thing
Aim: a cyan ugly thing (black smoke, moderately wounded, umbra)
The spray of energy hits the cyan ugly thing.
The cyan ugly thing is heavily wounded.
Your shadow mimicks your spell!
The shadow shard hits the cyan ugly thing.
The cyan ugly thing tail-slaps you!
* * * LOW HITPOINT WARNING * * *
The cyan ugly thing shocks you!
You die...

##.#.#####.####...J..#
#..'.#)..+.#..#s.....#
'..#######.+..#......#
####.. ..#.####......#
⌠∩.#..#..#.#..#......#
⌠∩.#.#)#.#.+..#.†....#
∩∩.#....)#.#..#§§....#
∩∩.#)....#.#..#§J§...#
...#.#)#.+.#..#§@u§..#
+###..#..#.#..#§§§§..#
.⌠.#)....###########+#
...####### ...# ...#
...# ####


You could see a cyan ugly thing and a slime creature.

Vanquished Creatures
  Sigmund (D)
  Rupert (D)
  Gastronok (D)
  A greater naga (D)
  Maud (D)
  2 deep elf demonologists (D)
  A deep elf annihilator (D)
  2 dire elephants (D)
  Josephine (D)
  A fire dragon (D)
  A naga warrior (D)
  2 hydras (D)
  2 centaur warriors (D)
  6 anacondas (D)
  4 dancing weapons (D)
  4 death yaks (D)
  A deep elf knight (D)
  A lindwurm (D)
  A death drake (D)
  A spriggan druid (D)
  An orc knight (D)
  An obsidian statue (D)
  3 swamp dragons (D)
  2 deep elf conjurers (D)
  An unseen horror (D)
  5 ugly things (D)
  An orc sorcerer (D)
  2 elephants (D)
  5 black mambas (D)
  A guardian serpent (D)
  2 spiny frogs (D)
  A komodo dragon (D)
  Edmund (D)
  A fire drake (D)
  3 wandering mushrooms (D)
  4 deep elf priests (D)
  A queen bee (D)
  4 spriggan defenders (D)
  3 orc high priests (D)
  8 blink frogs (D)
  2 spriggans (D)
  3 redbacks (D)
  A shadow (D)
  A spatial vortex (D)
  2 nagas (D)
  3 water moccasins (D)
  4 orc warriors (D)
  3 swamp drakes (D)
  2 centaurs (D)
  A necrophage (D)
  An earth elemental (D)
  2 brain worms (D)
  A water elemental (D)
  32 killer bees (D)
  An electric eel (D)
  A jelly (D)
  Jessica (D)
  A necromancer (D)
  3 orc priests (D)
  A wizard (D)
  An orc wizard (D)
  3 humans (D)
  A kobold demonologist (D)
  6 adders (D)
  A phantom (D)
  6 orcs (D)
  3 rats (D)
  19 plants (D)
191 creatures vanquished.

Vanquished Creatures (collateral kills)
  An orc sorcerer (D)
  An orc knight (D)
2 creatures vanquished.

Vanquished Creatures (others)
  2 draconian scorchers (D)
  Nessos (D)
  3 yaktaurs (D)
  An orc (D)
  9 plants (D)
16 creatures vanquished.

Grand Total: 209 creatures vanquished

Notes
Turn   | Place    | Note
--------------------------------------------------------------
     0 | D        | Kidiri the Spriggan Enchanter began the quest for the Orb.
     0 | D        | Reached XP level 1. HP: 9/9 MP: 5/5
   143 | D        | Noticed Jessica
   146 | D        | Killed Jessica
   146 | D        | Reached skill level 5 in Dodging
   146 | D        | Reached skill level 6 in Stealth
   146 | D        | Reached XP level 2. HP: 13/13 MP: 6/8
   156 | D        | Learned a level 2 spell: Ensorcelled Hibernation
   171 | D        | Killed a white draconian scorcher
   172 | D        | Killed a white draconian scorcher
   358 | D        | Killed a yaktaur
   528 | D        | Reached XP level 3. HP: 16/16 MP: 5/10
   533 | D        | Learned a level 3 spell: Confuse
   537 | D        | Learned a level 3 spell: Tukima's Dance
   575 | D        | Reached skill level 7 in Stealth
   595 | D        | Gained mutation: You are partially covered in yellow scales (AC +2). [potion of mutation]
   595 | D        | Gained mutation: You have very sharp teeth. [potion of mutation]
   596 | D        | Gained mutation: You have a pair of small antennae on your head. [potion of mutation]
   596 | D        | Gained mutation: You can spit weak poison. [potion of mutation]
   597 | D        | Gained mutation: Potions and wands are less effective at restoring your health. [potion of mutation]
   597 | D        | Lost mutation: You can spit weak poison. [potion of mutation]
   681 | D        | Noticed a water elemental
   684 | D        | Killed a water elemental
   684 | D        | Reached skill level 8 in Stealth
   684 | D        | Reached skill level 5 in Spellcasting
   684 | D        | Reached skill level 5 in Hexes
   684 | D        | Reached skill level 1 in Ice Magic
   684 | D        | Reached XP level 4. HP: 21/21 MP: 10/12
   689 | D        | Learned a level 3 spell: Dazzling Spray
   733 | D        | Noticed a jelly
   734 | D        | Noticed a shadow
   736 | D        | Killed a shadow
   736 | D        | Reached skill level 9 in Stealth
   736 | D        | Reached skill level 1 in Conjurations
   736 | D        | Reached XP level 5. HP: 24/24 MP: 12/15
   740 | D        | Killed a jelly
   740 | D        | Reached skill level 10 in Stealth
   740 | D        | Reached XP level 6. HP: 28/28 MP: 12/17
   745 | D        | Found a stormy altar of Qazlal.
   746 | D        | Found a sacrificial altar of Ru.
   746 | D        | Found a burning altar of Makhleb.
   746 | D        | Found a viscous altar of Jiyva.
   746 | D        | Found a shimmering altar of Xom.
   746 | D        | Found a shadowy altar of Dithmenos.
   746 | D        | Found a sparkling altar of Nemelex Xobeh.
   746 | D        | Found a corrupted altar of Lugonu.
   746 | D        | Found an opulent altar of Gozag.
   746 | D        | Noticed a spatial vortex
   750 | D        | Became a worshipper of Dithmenos the Shadowed
   769 | D        | Killed a spatial vortex
   769 | D        | Reached skill level 1 in Invocations
   886 | D        | Found a radiant altar of Vehumet.
   887 | D        | Found a deep blue altar of Sif Muna.
   887 | D        | Found an ancient bone altar of Kikubaaqudgha.
   887 | D        | Noticed a wizard
   888 | D        | Killed a wizard
   888 | D        | Reached skill level 5 in Short Blades
   888 | D        | Reached skill level 11 in Stealth
   906 | D        | Learned a level 3 spell: Mephitic Cloud
   913 | D        | Learned a level 6 spell: Freezing Cloud
   918 | D        | Found a glowing silver altar of Zin.
   919 | D        | Found a glowing golden altar of the Shining One.
   919 | D        | Found a white marble altar of Elyvilon.
   919 | D        | Noticed a deep elf priest
   921 | D        | Killed a deep elf priest
   921 | D        | Reached skill level 10 in Dodging
   921 | D        | Reached skill level 1 in Air Magic
   921 | D        | Reached skill level 1 in Poison Magic
   921 | D        | Reached XP level 7. HP: 32/32 MP: 18/20
   933 | D        | Found an iron altar of Okawaru.
   934 | D        | Found a bloodstained altar of Trog.
   934 | D        | Noticed a human
   934 | D        | Noticed a human
   936 | D        | Killed a human
   936 | D        | Reached skill level 12 in Stealth
   937 | D        | Killed a human
   951 | D        | Found a snail-covered altar of Cheibriados.
   951 | D        | Noticed a necrophage
   952 | D        | Found a basalt altar of Yredelemnul.
   952 | D        | Found a blossoming altar of Fedhas.
   952 | D        | Noticed a necromancer
   953 | D        | Killed a necrophage
   953 | D        | Acquired Dithmenos's first power
   953 | D        | Reached XP level 8. HP: 36/36 MP: 22/22
   954 | D        | Killed a necromancer
   974 | D        | Noticed Josephine
   977 | D        | Killed Josephine
   977 | D        | Reached skill level 13 in Stealth
   977 | D        | Reached skill level 10 in Spellcasting
   989 | D        | Learned a level 6 spell: Poisonous Cloud
  1054 | D        | Noticed an earth elemental
  1057 | D        | Killed an earth elemental
  1062 | D        | Noticed a centaur
  1062 | D        | Noticed a centaur warrior
  1062 | D        | Noticed a centaur
  1064 | D        | Killed a centaur warrior
  1064 | D        | Reached skill level 14 in Stealth
  1064 | D        | Reached skill level 5 in Ice Magic
  1064 | D        | Reached XP level 9. HP: 39/39 MP: 19/25
  1065 | D        | Killed a centaur
  1065 | D        | Acquired Dithmenos's second power
  1066 | D        | Killed a centaur
  1104 | D        | Noticed an unseen horror
  1106 | D        | Killed an unseen horror
  1116 | D        | Noticed a killer bee
  1116 | D        | Noticed a killer bee
  1116 | D        | Noticed a killer bee
  1116 | D        | Noticed a killer bee
  1116 | D        | Noticed a killer bee
  1116 | D        | Noticed a killer bee
  1116 | D        | Noticed a killer bee
  1116 | D        | Noticed a killer bee
  1116 | D        | Noticed a killer bee
  1116 | D        | Noticed a killer bee
  1116 | D        | Noticed a killer bee
  1116 | D        | Noticed a killer bee
  1116 | D        | Noticed a killer bee
  1116 | D        | Noticed a killer bee
  1116 | D        | Noticed a killer bee
  1117 | D        | Noticed a killer bee
  1117 | D        | Noticed a killer bee
  1117 | D        | Noticed a queen bee
  1117 | D        | Noticed a killer bee
  1117 | D        | Noticed a killer bee
  1117 | D        | Noticed a killer bee
  1117 | D        | Noticed a killer bee
  1117 | D        | Noticed a killer bee
  1117 | D        | Noticed a killer bee
  1117 | D        | Noticed a killer bee
  1117 | D        | Noticed a killer bee
  1117 | D        | Noticed a killer bee
  1117 | D        | Noticed a killer bee
  1117 | D        | Noticed a killer bee
  1117 | D        | Noticed a killer bee
  1117 | D        | Noticed a killer bee
  1117 | D        | Noticed a killer bee
  1117 | D        | Noticed a killer bee
  1120 | D        | Killed a killer bee
  1122 | D        | Killed a killer bee
  1126 | D        | Killed a killer bee
  1126 | D        | Acquired Dithmenos's third power
  1131 | D        | Killed a killer bee
  1133 | D        | Killed a killer bee
  1135 | D        | Killed a killer bee
  1135 | D        | Reached skill level 5 in Poison Magic
  1139 | D        | Killed a killer bee
  1141 | D        | Killed a killer bee
  1141 | D        | Acquired Dithmenos's fourth power
  1143 | D        | Killed a killer bee
  1143 | D        | Reached skill level 15 in Stealth
  1156 | D        | Killed a killer bee
  1179 | D        | Killed a killer bee
  1321 | D        | Killed a killer bee
  1323 | D        | Killed a killer bee
  1328 | D        | Killed a killer bee
  1330 | D        | Killed a killer bee
  1333 | D        | Killed a killer bee
  1337 | D        | Killed a killer bee
  1339 | D        | Killed a killer bee
  1341 | D        | Killed a killer bee
  1341 | D        | Reached XP level 10. HP: 34/44 MP: 4/26
  1343 | D        | Killed a killer bee
  1478 | D        | Killed a killer bee
  1490 | D        | Killed a killer bee
  1492 | D        | Killed a killer bee
  1494 | D        | Killed a killer bee
  1496 | D        | Killed a killer bee
  1498 | D        | Killed a killer bee
  1500 | D        | Killed a killer bee
  1502 | D        | Killed a killer bee
  1505 | D        | Killed a killer bee
  1507 | D        | Killed a killer bee
  1509 | D        | Killed a killer bee
  1509 | D        | Reached skill level 5 in Air Magic
  1511 | D        | Killed a killer bee
  1513 | D        | Killed a queen bee
  1697 | D        | Noticed a wandering mushroom
  1698 | D        | Noticed a wandering mushroom
  1698 | D        | Noticed a wandering mushroom
  1699 | D        | Killed a wandering mushroom
  1699 | D        | Reached skill level 16 in Stealth
  1699 | D        | Reached skill level 5 in Conjurations
  1701 | D        | Killed a wandering mushroom
  1702 | D        | Killed a wandering mushroom
  1744 | D        | Noticed a spiny frog
  1744 | D        | Noticed a komodo dragon
  1744 | D        | Noticed a spiny frog
  1746 | D        | Killed a spiny frog
  1750 | D        | Killed a spiny frog
  1750 | D        | Reached skill level 10 in Hexes
  1753 | D        | Killed a komodo dragon
  1797 | D        | Noticed a redback
  1799 | D        | Killed a redback
  1799 | D        | Reached skill level 15 in Dodging
  1800 | D        | Noticed a brain worm
  1804 | D        | Killed a brain worm
  1873 | D        | Noticed a brain worm
  1875 | D        | Killed a brain worm
  1881 | D        | Noticed a lindwurm
  1883 | D        | Noticed a redback
  1884 | D        | Killed a lindwurm
  1884 | D        | Reached skill level 17 in Stealth
  1886 | D        | Killed a redback
  1894 | D        | Noticed a redback
  1895 | D        | Killed a redback
  1896 | D        | Noticed Maud
  1898 | D        | Killed Maud
  1898 | D        | Reached XP level 11. HP: 47/47 MP: 29/29
  1947 | D        | Noticed an electric eel
  1948 | D        | Noticed an eight-headed hydra
  1948 | D        | Noticed an eight-headed hydra
  1949 | D        | Killed an electric eel
  1951 | D        | Killed an eight-headed hydra
  1952 | D        | Killed an eight-headed hydra
  1990 | D        | Noticed a death drake
  1993 | D        | Killed a death drake
  1993 | D        | Reached skill level 18 in Stealth
  2003 | D        | Found a blossoming altar of Fedhas.
  2003 | D        | Noticed a spriggan
  2003 | D        | Noticed a spriggan druid
  2003 | D        | Noticed a spriggan
  2005 | D        | Killed a spriggan druid
  2006 | D        | Killed a spriggan
  2022 | D        | Killed a spriggan
  2095 | D        | Noticed a swamp drake
  2096 | D        | Noticed a swamp dragon
  2097 | D        | Killed a swamp drake
  2098 | D        | Noticed a swamp drake
  2098 | D        | Noticed a swamp dragon
  2098 | D        | Found Adier's Antique Weapon Emporium.
  2098 | D        | Found Ucorinis's Jewellery Shop.
  2098 | D        | Found Jech's Food Shoppe.
  2099 | D        | Killed a swamp dragon
  2101 | D        | Killed a swamp dragon
  2104 | D        | Killed a swamp drake
  2104 | D        | Reached skill level 10 in Short Blades
  2146 | D        | Noticed a swamp dragon
  2149 | D        | Killed a swamp dragon
  2256 | D        | Noticed a seven-headed hydra
  2256 | D        | Noticed the 27-headed Lernaean hydra
  2318 | D        | Noticed a swamp drake
  2318 | D        | Noticed a fire drake
  2319 | D        | Killed a fire drake
  2321 | D        | Killed a swamp drake
  2327 | D        | Noticed a blink frog
  2327 | D        | Noticed a blink frog
  2327 | D        | Noticed a blink frog
  2328 | D        | Noticed a blink frog
  2328 | D        | Noticed a blink frog
  2331 | D        | Killed a blink frog
  2333 | D        | Killed a blink frog
  2334 | D        | Killed a blink frog
  2339 | D        | Killed a blink frog
  2345 | D        | Killed a blink frog
  2371 | D        | Noticed Rupert
  2373 | D        | Killed Rupert
  2373 | D        | Reached skill level 19 in Stealth
  2373 | D        | Reached skill level 15 in Spellcasting
  2373 | D        | Reached XP level 12. HP: 51/51 MP: 26/32
  2401 | D        | Noticed a death yak
  2402 | D        | Noticed a death yak
  2402 | D        | Noticed a blink frog
  2406 | D        | Noticed a blink frog
  2407 | D        | Killed a blink frog
  2409 | D        | Noticed a death yak
  2409 | D        | Noticed a death yak
  2417 | D        | Killed a death yak
  2425 | D        | Killed a death yak
  2431 | D        | Killed a death yak
  2435 | D        | Killed a death yak
  2443 | D        | Noticed a black mamba
  2449 | D        | Killed a black mamba
  2453 | D        | Noticed a black mamba
  2462 | D        | Killed a black mamba
  2465 | D        | Noticed a blink frog
  2622 | D        | Noticed an azure jelly
  2622 | D        | Noticed an azure jelly
  2623 | D        | Killed a blink frog
  2623 | D        | Reached skill level 20 in Stealth
  2625 | D        | Noticed an azure jelly
  2625 | D        | Noticed an azure jelly
  2637 | D        | Killed a blink frog
  2689 | D        | Noticed an anaconda
  2690 | D        | Noticed a black mamba
  2691 | D        | Killed an anaconda
  2695 | D        | Killed a black mamba
  2730 | D        | Noticed a black mamba
  2730 | D        | Noticed an anaconda
  2730 | D        | Noticed a black mamba
  2730 | D        | Noticed a water moccasin
  2730 | D        | Noticed a water moccasin
  2731 | D        | Killed a black mamba
  2733 | D        | Killed a water moccasin
  2735 | D        | Killed a water moccasin
  2737 | D        | Killed an anaconda
  2738 | D        | Killed a black mamba
  2867 | D        | Noticed a water moccasin
  2867 | D        | Noticed an anaconda
  2867 | D        | Noticed an anaconda
  2867 | D        | Noticed an anaconda
  2867 | D        | Noticed an anaconda
  2869 | D        | Killed an anaconda
  2871 | D        | Killed an anaconda
  2873 | D        | Killed a water moccasin
  2881 | D        | Killed an anaconda
  2884 | D        | Killed an anaconda
  2935 | D        | Noticed a naga
  2935 | D        | Noticed a naga
  2936 | D        | Noticed a naga warrior
  2936 | D        | Noticed a greater naga
  2936 | D        | Found Kicuiduqa's Distillery.
  2936 | D        | Found Vaidaown's Antique Armour Emporium.
  2937 | D        | Killed a naga
  2938 | D        | Killed a naga
  2939 | D        | Found Qoggeis's Gadget Shop.
  2940 | D        | Killed a naga warrior
  2941 | D        | Killed a greater naga
  2941 | D        | Reached skill level 21 in Stealth
  2941 | D        | Reached XP level 13. HP: 55/55 MP: 29/34
  2965 | D        | Noticed a guardian serpent
  2967 | D        | Killed a guardian serpent
  2971 | D        | Got a serpentine rune of Zot
  3049 | D        | Noticed an elephant
  3049 | D        | Noticed an elephant
  3049 | D        | Noticed a dire elephant
  3049 | D        | Noticed a dire elephant
  3049 | D        | Noticed Gastronok
  3059 | D        | Killed a dire elephant
  3063 | D        | Killed Gastronok
  3064 | D        | Killed a dire elephant
  3087 | D        | Killed an elephant
  3259 | D        | Killed an elephant
  3626 | D        | Noticed Sigmund
  3626 | D        | Noticed Edmund
  3628 | D        | Killed Sigmund
  3628 | D        | Reached skill level 22 in Stealth
  3628 | D        | Reached skill level 10 in Poison Magic
  3629 | D        | Killed Edmund
  3650 | D        | Noticed an orc high priest
  3650 | D        | Noticed an orc high priest
  3651 | D        | Noticed an orc priest
  3651 | D        | Noticed an orc high priest
  3654 | D        | Killed an orc priest
  3658 | D        | Killed an orc high priest
  3660 | D        | Killed an orc high priest
  3669 | D        | Killed an orc high priest
  3796 | D        | Killed a yaktaur
  3895 | D        | Noticed a spriggan defender
  3896 | D        | Noticed a spriggan defender
  3896 | D        | Noticed a spriggan defender
  3896 | D        | Noticed a spriggan defender
  3897 | D        | Killed a spriggan defender
  3898 | D        | Killed a spriggan defender
  3900 | D        | Killed a spriggan defender
  3901 | D        | Killed a spriggan defender
  3959 | D        | Killed a yaktaur
  4030 | D        | Identified Peonez's Collected Works on Ice and Displacement
  4035 | D        | Learned a level 3 spell: Ozocubu's Armour
  4038 | D        | Learned a level 2 spell: Shroud of Golubria
  4045 | D        | Noticed a white ugly thing
  4046 | D        | Noticed a fire dragon
  4047 | D        | Killed a white ugly thing
  4050 | D        | Killed a fire dragon
  4050 | D        | Reached skill level 1 in Charms
  4050 | D        | Reached skill level 1 in Translocations
  4052 | D        | Killed Nessos
  4055 | D        | Noticed a centaur warrior
  4059 | D        | Killed a centaur warrior
  4079 | D        | Noticed a brown ugly thing
  4082 | D        | Killed a brown ugly thing
  4093 | D        | Learned a level 4 spell: Condensation Shield
  4103 | D        | Noticed a halberd of protection
  4103 | D        | Noticed a mace of venom
  4103 | D        | Noticed a long sword of draining
  4104 | D        | Noticed a short sword of venom
  4105 | D        | Killed a mace of venom
  4107 | D        | Killed a short sword of venom
  4109 | D        | Killed a halberd of protection
  4111 | D        | Killed a long sword of draining
  4115 | D        | Got a translucent short sword
  4116 | D        | Identified the +4 short sword "Vitab" {distort, Str+3} (You found it in the Dungeon)
  4166 | D        | Noticed an obsidian statue
  4171 | D        | Killed an obsidian statue
  4183 | D        | Found Otiasaid's Magic Scroll Emporium.
  4183 | D        | Found Ilyos's Assorted Antiques.
  4183 | D        | Found Ymiyvouq's Magic Scroll Shoppe.
  4183 | D        | Found Weleyt's Food Boutique.
  4183 | D        | Found Humekk's Magic Scroll Emporium.
  4183 | D        | Found Aroxkiu's Gadget Shop.
  4183 | D        | Found Fong's Book Emporium.
  4183 | D        | Found Ruem's Distillery.
  4184 | D        | Found Asudouxu's Weapon Boutique.
  4184 | D        | Found Raphab's Antique Armour Shoppe.
  4184 | D        | Found Miwuh's Jewellery Shop.
  4184 | D        | Found Geitz's Antique Weapon Emporium.
  4354 | D        | Noticed an orc priest
  4355 | D        | Noticed an orc knight
  4357 | D        | Killed an orc priest
  4361 | D        | Noticed an orc knight
  4361 | D        | Noticed an orc warrior
  4362 | D        | Noticed an orc sorcerer
  4369 | D        | Killed an orc knight
  4376 | D        | Killed an orc sorcerer
  4376 | D        | Reached skill level 10 in Air Magic
  4377 | D        | Noticed an orc wizard
  4381 | D        | Noticed an orc priest
  4383 | D        | Killed an orc knight
  4385 | D        | Noticed an orc sorcerer
  4387 | D        | Killed an orc warrior
  4388 | D        | Killed an orc wizard
  4393 | D        | Killed an orc sorcerer
  4396 | D        | Killed an orc priest
  4412 | D        | Noticed an orc warrior
  4412 | D        | Noticed an orc warrior
  4414 | D        | Noticed an orc warrior
  4424 | D        | Killed an orc warrior
  4429 | D        | Killed an orc warrior
  4430 | D        | Found Edaf's Armour Boutique.
  4431 | D        | Killed an orc warrior
  4501 | D        | Bought a +2 cloak of poison resistance for 203 gold pieces
  4520 | D        | Learned a level 5 spell: Irradiate
  4525 | D        | Learned a level 4 spell: Petrify
  4598 | D        | Noticed a deep elf conjurer
  4598 | D        | Noticed a deep elf priest
  4598 | D        | Noticed a deep elf priest
  4598 | D        | Noticed a deep elf knight
  4598 | D        | Noticed a deep elf priest
  4608 | D        | Killed a deep elf priest
  4622 | D        | Killed a deep elf conjurer
  4623 | D        | Killed a deep elf priest
  4623 | D        | Reached skill level 1 in Transmutations
  4623 | D        | Killed a deep elf priest
  4623 | D        | Reached skill level 23 in Stealth
  4624 | D        | Killed a deep elf knight
  4624 | D        | Reached XP level 14. HP: 46/59 MP: 18/37
  4706 | D        | Noticed a deep elf conjurer
  4771 | D        | Noticed a deep elf annihilator
  4774 | D        | Killed a deep elf conjurer
  4774 | D        | Killed a deep elf annihilator
  4774 | D        | Reached skill level 1 in Earth Magic
  4845 | D        | Noticed a deep elf demonologist
  4848 | D        | Killed a deep elf demonologist
  4848 | D        | Reached skill level 5 in Charms
  4848 | D        | Reached skill level 5 in Translocations
  4850 | D        | Noticed a deep elf demonologist
  4916 | D        | Noticed a Shadow Fiend
  4921 | D        | Killed a deep elf demonologist
  4921 | D        | Reached skill level 10 in Ice Magic
  5482 | D        | Noticed a yaktaur captain
  5482 | D        | Noticed a green ugly thing
  5482 | D        | Noticed a slime creature
  5482 | D        | Noticed a boulder beetle
  5483 | D        | Noticed a slime creature
  5483 | D        | Noticed a slime creature
  5483 | D        | Noticed a red ugly thing
  5483 | D        | Noticed a red ugly thing
  5483 | D        | Noticed a cyan ugly thing
  5484 | D        | Killed a green ugly thing
  5485 | D        | Noticed a slime creature
  5486 | D        | Killed a red ugly thing
  5488 | D        | Killed a red ugly thing
  5493 | D        | a boulder beetle changed into a faun
  5502 | D        | Mangled by a cyan ugly thing

Vault maps used:
D:        dungeon_sprint_mu

Action                   |  1- 3 |  4- 6 |  7- 9 | 10-12 | 13-15 || total
-------------------------+-------+-------+-------+-------+-------++-------
Melee: Dagger            |    23 |    15 |    69 |   202 |    36 ||   345
       Short sword       |       |       |       |       |    22 ||    22
 Cast: Ensorcelled Hiber |     4 |       |    29 |    34 |     4 ||    71
       Corona            |     1 |       |       |       |       ||     1
       Confuse           |     3 |       |       |       |       ||     3
       Dazzling Spray    |       |     5 |       |    14 |    50 ||    69
       Freezing Cloud    |       |       |       |       |    11 ||    11
       Tukima's Dance    |       |       |       |       |     5 ||     5
Invok: Shadow Step       |       |       |     1 |    13 |     6 ||    20
  Use: Potion            |     3 |       |       |       |     2 ||     5
       Scroll            |     3 |       |       |       |       ||     3
 Stab: Sleeping          |     4 |     5 |    27 |    72 |    19 ||   127
       Confused          |     1 |       |       |       |       ||     1
       Invisible         |       |       |       |     5 |    11 ||    16
  Eat: Bread ration      |       |       |       |     1 |       ||     1
       Royal jelly       |       |       |       |       |     1 ||     1
